 Dungeon Sprint DCSS version 0.30-a0-528-g8c47a4955b (webtiles) character file.

Game seed: 11732657323064908607

17610 rocky1 the Spry (level 12, -3/162 HPs)
             Began as a Merfolk Gladiator on Dec 23, 2022.
             Was an Initiate of Gozag.
             Succumbed to poison (dark miasma)
             ... in the Dungeon (Sprint III: "The Ten Rune Challenge").
             The game lasted 00:20:55 (4241 turns).

rocky1 the Spry (Merfolk Gladiator)                 Turns: 4241, Time: 00:20:56

Health: -3/162     AC: 13    Str: 18    XL:     12   Next: 49%
Magic:  10/10      EV: 29    Int:  8    God:    Gozag
Gold:   3433       SH:  0    Dex: 31    Spells: 11/11 levels left

rFire   . . .      SeeInvis .    a - +1 long sword (flame)
rCold   . . .      Faith    .    (no shield)
rNeg    . . .      Spirit   .    u - +0 ring mail "Quklul" {rElec Str+3}
rPois   .          Reflect  .    c - +0 helmet
rElec   +          Harm     .    (no cloak)
rCorr   .          Rampage  .    (no gloves)
Will    .....      NoTele   +    v - +2 pair of boots {Stlth+} Stlth
                                 (no amulet)
HPRegen 0.47/turn                A - +6 ring of dexterity
MPRegen 0.12/turn                B - +6 ring of dexterity

@: berserking, lethally poisoned (-3 -> -61), gold aura, slowed
A: (nimble swimmer 2), mertail, low MP 1
a: Renounce Religion, Potion Petition, Call Merchant, Bribe Branch


You were in the Dungeon.
You worshipped Gozag.
Gozag was most pleased with you.
You visited 1 branch You collected 9668 gold pieces.
You spent 2433 gold pieces at shops.
You paid 3802 gold pieces to Gozag.

Inventory:

Hand Weapons
 a - a +1 long sword of flaming (weapon)
 d - a +3 long sword of holy wrath
Missiles
 g - 7 curare-tipped darts
 t - 4 javelins (quivered)
Armour
 b - a +0 kite shield of reflection
 c - a +0 helmet (worn)
 u - the +0 ring mail "Quklul" (worn) {rElec Str+3}
   (You bought it in a shop in the Dungeon)

   Str:       It affects your strength (+3).
   rElec:     It insulates you from electricity.
 v - a +2 pair of boots of stealth (worn)
Jewellery
 A - a +6 ring of dexterity (left hand)
 B - a +6 ring of dexterity (right hand)
Wands
 e - a wand of flame (7)
 r - a wand of polymorph (8)
 C - a wand of digging (7)
Scrolls
 k - a scroll of blinking
 l - a scroll of torment
 m - 2 scrolls of identify
 o - a scroll of poison
 p - a scroll of fog
 y - a scroll of amnesia
 z - a scroll of enchant armour
Potions
 f - 5 potions of curing
 h - a potion of haste
 i - 2 potions of magic
 n - 4 potions of flight
 q - 7 potions of mutation
 s - a potion of heal wounds
 w - a potion of might
 x - a potion of invisibility
Miscellaneous
 j - a lightning rod (4/4)


   Skills:
 + Level 14.9 Fighting
 + Level 16.6 Long Blades
 - Level 2.0 Throwing
 + Level 14.2 Armour
 + Level 17.0 Dodging
 + Level 12.6 Evocations


You had 11 spell levels left.
You didn't know any spells.
Your spell library contained the following spells:

 Spells                   Type           Power      Damage    Failure   Level
 Gell's Gravitas          Tloc           0%         N/A       88%         3
 Lesser Beckoning         Tloc           0%         N/A       88%         3
 Teleport Other           Tloc           0%         N/A       88%         3
 Haunt                    Necr/Summ      0%         N/A       100%        7
 Infestation              Necr           0%         N/A       100%        8
 Animate Dead             Necr           Unusable   N/A       N/A         4

Dungeon Overview and Level Annotations

Branches:
Dungeon (1/1)

Altars:
Cheibriados
Dithmenos
Elyvilon
Fedhas
Gozag
Hepliaklqana
Kikubaaqudgha
Makhleb
Nemelex Xobeh
Okawaru
Qazlal
Ru
Sif Muna
Trog
Uskayaw
Vehumet
Wu Jian
Xom
Yredelemnul
Zin
The Shining One
Jiyva
Lugonu

Shops:
D [([([*:(?[!!=


Innate Abilities, Weirdness & Mutations

((You are very nimble when in or above water. (Stealth+, EV+, Speed+++)))
Your lower body shifts to a powerful aquatic tail in water.
Your magical capacity is low. (-10% MP)


Message History

You are lethally poisoned!
* * * LOW HITPOINT WARNING * * *
Unknown command.
Okay, then. [a] - 672 gold - resistance, might, haste and invisibility [b] - 275 gold - curing and magic [c] - 280 gold - heal wounds and berserk rage Purchase which effect?
You feel much better.
A red film seems to cover your vision as you go berserk!
You feel yourself moving faster!
You feel mighty!
You are engulfed in dark miasma.
You are more poisoned.
* * * LOW HITPOINT WARNING * * *
You feel extremely sick. The death drake barely misses you.
The death drake breathes miasma at you. The foul vapour misses you.
Unknown command.
You barely miss the death drake.
The death drake is almost dead.
You are engulfed in dark miasma.
You are lethally poisoned!
* * * LOW HITPOINT WARNING * * *
x2 You feel extremely sick.
The death drake completely misses you.
You slice the death drake!! You burn the death drake.
You kill the death drake!
You are engulfed in dark miasma.
You are more poisoned.
* * * LOW HITPOINT WARNING * * *
x2 You feel extremely sick.
Your Dodging skill increases to level 17!
Unknown command.
You are too berserk!
Okay, then.
You are too berserk!
There is a lethal amount of poison in your body!
You die...
Your body crumbles into a pile of gold.

▓▓▓▓▓▓▓▓▓▓▓▓▓▓▓▓▓▓▓▓▓▓▓▓▓▓▓#^..^.
♣.....♣♣♣♣~~~....)...~~~...#....^
♣.≈≈≈≈'♣♣'♣≈≈≈≈≈≈)≈≈≈≈≈♣♣..'.....
'.....#.~♣♣♣♣♣♣♣♣♣♣♣♣♣♣♣♣..#.....
♣♣♣♣♣♣#..♣♣ ♣♣♣##'###
###'♣♣♣♣♣♣♣♣♣♣♣♣♣♣♣**#...'. **
♣♣♣♣.##..##~~~~~≈(.#$$#...#. ,**
♣...##.##.#~~~~≈...#$$#...#. *+*
♣♣.##.##.##@~~~≈≈####+#####. ,,*
♣..#.##...#$~.....°$,#..... *****
♣♣.##.##.)#≈..+#####*#.).). ,,,,*
♣♣.##.#####...#,,,,,,#....) ,,,,*
♣.....##(°..(.#***,_,#...). +****
########+######******#'#### ,**
*~~~~~~~~~~~~*#..... *,*
*~~~~~~~~~~~~*#.#### *,** ******
*~~~,,~~~~~,,*#.#$,,


There were no monsters in sight!

Vanquished Creatures
  Frances (D)
  Donald (D)
  2 hydras (D)
  Erolcha (D)
  2 deep elf knights (D)
  Urug (D)
  A death drake (D)
  An orc knight (D)
  An obsidian statue (D)
  2 deep elf pyromancers (D)
  2 deep elf zephyrmancers (D)
  A lindwurm (D)
  A crystal guardian (D)
  2 orc sorcerers (D)
  2 cane toads (D)
  A rime drake (D)
  A komodo dragon (D)
  A queen bee (D)
  2 tyrant leeches (D)
  An orc high priest (D)
  3 wandering mushrooms (D)
  5 blink frogs (D)
  A shadow (D)
  5 redbacks (D)
  A spatial vortex (D)
  A swamp drake (D)
  4 orc warriors (D)
  5 two-headed ogres (D)
  A necrophage (D)
  A water elemental (D)
  32 killer bees (D)
  An electric eel (D)
  A jelly (D)
  6 orc priests (D)
  Jessica (D)
  3 orc wizards (D)
  A wizard (D)
  A necromancer (D)
  3 humans (D)
  A kobold demonologist (D)
  A wolf (D)
  4 orcs (D)
  A bat (D)
  An endoplasm (D)
  A rat (D)
112 creatures vanquished.

Vanquished Creatures (others)
  11 plants (D)
11 creatures vanquished.

Grand Total: 123 creatures vanquished

Notes
Turn   | Place    | Note
-------+----------+-------------------------------------------
     0 | D        | rocky1 the Merfolk Gladiator began the quest for the Orb.
     0 | D        | Reached XP level 1. HP: 16/16 MP: 1/1
    24 | D        | Noticed Jessica
    30 | D        | Killed Jessica
    31 | D        | Reached skill level 5 in Dodging
    31 | D        | Reached XP level 2. HP: 25/25 MP: 2/2
    31 | D        | Reached XP level 3. HP: 30/30 MP: 3/3
    72 | D        | Reached skill level 6 in Dodging
   177 | D        | Reached XP level 4. HP: 28/38 MP: 4/4
   241 | D        | Noticed a water elemental
   246 | D        | Killed a water elemental
   247 | D        | Reached skill level 5 in Fighting
   247 | D        | Reached skill level 7 in Dodging
   247 | D        | Reached XP level 5. HP: 36/44 MP: 5/5
   441 | D        | Noticed a shadow
   451 | D        | Killed a shadow
   452 | D        | Reached skill level 9 in Dodging
   452 | D        | Reached XP level 6. HP: 25/55 MP: 6/6
   561 | D        | Found a blossoming altar of Fedhas.
   561 | D        | Found a stormy altar of Qazlal.
   561 | D        | Found a snail-covered altar of Cheibriados.
   561 | D        | Found a burning altar of Makhleb.
   561 | D        | Found a shimmering altar of Xom.
   561 | D        | Noticed a spatial vortex
   562 | D        | Found a hazy altar of Hepliaklqana.
   562 | D        | Found an opulent altar of Gozag.
   562 | D        | Found a sparkling altar of Nemelex Xobeh.
   562 | D        | Found a corrupted altar of Lugonu.
   562 | D        | Found a viscous altar of Jiyva.
   566 | D        | Became a worshipper of Gozag Ym Sagoz the Greedy
   579 | D        | Killed a spatial vortex
   580 | D        | Reached skill level 10 in Dodging
   696 | D        | Found a basalt altar of Yredelemnul.
   696 | D        | Found a shadowy altar of Dithmenos.
   696 | D        | Found a sacrificial altar of Ru.
   711 | D        | Reached XP level 7. HP: 36/61 MP: 7/7
   825 | D        | Found a radiant altar of Vehumet.
   825 | D        | Found a shimmering blue altar of Sif Muna.
   825 | D        | Found an ancient bone altar of Kikubaaqudgha.
   852 | D        | Found a glowing silver altar of Zin.
   852 | D        | Found a glowing golden altar of the Shining One.
   852 | D        | Found a white marble altar of Elyvilon.
   853 | D        | Noticed a deep elf pyromancer
   865 | D        | Killed a deep elf pyromancer
   866 | D        | Reached skill level 11 in Dodging
   866 | D        | Reached XP level 8. HP: 61/71 MP: 8/8
   901 | D        | Found a hide-covered altar of Uskayaw.
   901 | D        | Found an iron altar of Okawaru.
   901 | D        | Found a bloodstained altar of Trog.
   901 | D        | Found an ornate altar of the Wu Jian Council.
   908 | D        | Reached skill level 12 in Dodging
  1070 | D        | Reached skill level 10 in Fighting
  1140 | D        | Noticed a two-headed ogre
  1146 | D        | Killed a two-headed ogre
  1147 | D        | Reached XP level 9. HP: 79/79 MP: 9/9
  1253 | D        | Noticed Erolcha
  1254 | D        | Noticed a two-headed ogre
  1258 | D        | Killed a two-headed ogre
  1258 | D        | Killed Erolcha
  1259 | D        | Reached skill level 13 in Dodging
  1486 | D        | Noticed a wandering mushroom
  1491 | D        | Noticed a wandering mushroom
  1494 | D        | Noticed a wandering mushroom
  1504 | D        | Reached skill level 1 in Armour
  1504 | D        | Reached skill level 14 in Dodging
  1551 | D        | Killed a wandering mushroom
  1552 | D        | Reached XP level 10. HP: 65/89 MP: 10/10
  1637 | D        | Noticed a cane toad
  1637 | D        | Noticed a cane toad
  1645 | D        | Killed a cane toad
  1652 | D        | Reached skill level 15 in Dodging
  1665 | D        | Killed a cane toad
  2023 | D        | Reached skill level 5 in Armour
  2378 | D        | Noticed an orc knight
  2380 | D        | Noticed an orc sorcerer
  2380 | D        | Noticed an orc sorcerer
  2383 | D        | Killed an orc sorcerer
  2386 | D        | Killed an orc knight
  2386 | D        | Killed an orc sorcerer
  2387 | D        | Reached XP level 11. HP: 42/98 MP: 11/11
  2389 | D        | Found Ymucaomm's Antique Weapon Emporium.
  2556 | D        | Bought the +0 ring mail "Quklul" {rElec Str+3} for 364 gold
                  | pieces
  2556 | D        | Bought a +2 pair of boots of stealth for 322 gold pieces
  2580 | D        | Noticed a deep elf knight
  2580 | D        | Noticed a deep elf zephyrmancer
  2580 | D        | Noticed a deep elf zephyrmancer
  2580 | D        | Noticed a deep elf knight
  2580 | D        | Noticed a deep elf pyromancer
  2598 | D        | Killed a deep elf zephyrmancer
  2599 | D        | Reached skill level 10 in Armour
  2601 | D        | Killed a deep elf zephyrmancer
  2607 | D        | Killed a deep elf knight
  2612 | D        | Killed a deep elf pyromancer
  2617 | D        | Killed a deep elf knight
  2618 | D        | Noticed a deep elf annihilator
  2636 | D        | Noticed a deep elf annihilator
  2639 | D        | Noticed a deep elf pyromancer
  2639 | D        | Noticed a deep elf death mage
  2640 | D        | Noticed a deep elf demonologist
  2641 | D        | Noticed a deep elf death mage
  2641 | D        | Noticed a deep elf master archer
  2660 | D        | Gained mutation: Your magical capacity is low. (-10% MP) [a
                  | neqoxec]
  2998 | D        | Noticed Donald
  2998 | D        | Noticed Frances
  3035 | D        | Killed Donald
  3047 | D        | Killed Frances
  3281 | D        | Noticed a sun demon
  3325 | D        | Noticed an obsidian statue
  3337 | D        | Killed an obsidian statue
  3338 | D        | Reached skill level 15 in Long Blades
  3355 | D        | Found Gedghahal's Book Emporium.
  3355 | D        | Found Zuoles's Magic Scroll Shop.
  3355 | D        | Found Afasm's Antique Armour Boutique.
  3355 | D        | Found Caddy's Jewellery Shoppe.
  3355 | D        | Found Siowykotz's Assorted Antiques.
  3355 | D        | Found Wefaf's Antique Weapon Emporium.
  3355 | D        | Found Ciruch's Weapon Shoppe.
  3355 | D        | Found Jifo's Distillery.
  3355 | D        | Found Karchooq's Distillery.
  3355 | D        | Found Akoexke Yseh's Antique Armour Emporium.
  3355 | D        | Found Porilual's Armour Boutique.
  3388 | D        | Bought a potion of heal wounds for 65 gold pieces
  3388 | D        | Bought a potion of curing for 39 gold pieces
  3388 | D        | Bought a potion of mutation for 104 gold pieces
  3388 | D        | Bought a potion of might for 52 gold pieces
  3388 | D        | Bought a potion of curing for 39 gold pieces
  3397 | D        | Bought a scroll labelled JIREUBBOURCH for 22 gold pieces
  3397 | D        | Bought a metallic green potion for 19 gold pieces
  3397 | D        | Bought a scroll labelled YZXEUMOFIR for 22 gold pieces
  3397 | D        | Bought a scroll labelled JIREUBBOURCH for 22 gold pieces
  3397 | D        | Bought a potion of curing for 66 gold pieces
  3402 | D        | Bought a scroll of blinking for 97 gold pieces
  3402 | D        | Bought a scroll of identify for 26 gold pieces
  3402 | D        | Bought a scroll of enchant armour for 97 gold pieces
  3402 | D        | Bought 2 scrolls of identify for 52 gold pieces
  3402 | D        | Bought a scroll of identify for 26 gold pieces
  3402 | D        | Bought a scroll of magic mapping for 97 gold pieces
  3409 | D        | Bought a +6 ring of dexterity for 396 gold pieces
  3409 | D        | Bought a +6 ring of dexterity for 396 gold pieces
  3414 | D        | Bought a small brass ring for 110 gold pieces
  3433 | D        | Noticed a crystal guardian
  3433 | D        | Noticed a crystal guardian
  3433 | D        | Noticed a crystal guardian
  3447 | D        | Killed a crystal guardian
  3645 | D        | Reached XP level 12. HP: 106/106 MP: 10/10
  3651 | D        | Reached skill level 16 in Dodging
  3915 | D        | Noticed Urug
  3929 | D        | Killed Urug
  4193 | D        | Noticed a six-headed hydra
  4193 | D        | Noticed an eight-headed hydra
  4206 | D        | Killed a three-headed hydra
  4210 | D        | Killed a three-headed hydra
  4235 | D        | HP: 3/108 [poisoned by a death drake (dark miasma)]
  4241 | D        | Reached skill level 17 in Dodging
  4241 | D        | Succumbed to poison (dark miasma)

Illustrated notes

Levels and vault maps discovered:
D:        dungeon_sprint_mu [sprint_mu_entry_cave, sprint_mu_temple_rooms,
          sprint_mu_d1_spiders, sprint_mu_d2_genie, sprint_mu_d3_branching,
          sprint_mu_orc_legion, sprint_mu_elf_gauntlet, sprint_mu_hive_nellie,
          sprint_mu_lair_fedhas, sprint_mu_vaults_butterflies,
          sprint_mu_slime_circle, sprint_mu_swamp_cave, sprint_mu_shoals_archi,
          sprint_mu_blade_basic, sprint_mu_crypt_chambers,
          sprint_mu_tomb_spiral, sprint_mu_vestibule_basic,
          sprint_mu_gehenna_hellfire, sprint_mu_dis_giant,
          sprint_mu_tartarus_statrot, sprint_mu_cocytus_islands, sprint_mu_zot1]

Skill      XL: |  1  2  3  4  5  6  7  8  9 10 11 12 |
---------------+-------------------------------------+-----
Long Blades    | 6 7 8 11 12 13 14 15 16 | 16.6
Fighting       | 3 4 5 7 8 9 10 12 13 14 | 14.9
Dodging        | 5 6 7 9 10 11 12 14 15 17 | 17.0
Evocations     | 3 7 9 11 12 | 12.6
Armour         | 2 9 13 14 | 14.2
Throwing       | |  2.0

Action                   |  1- 3 |  4- 6 |  7- 9 | 10-12 || total
-------------------------+-------+-------+-------+-------++-------
Melee: Long sword        |    24 |    34 |    67 |   222 ||   347
       Punch             |       |     1 |     1 |     5 ||     7
       Tailslap          |       |       |     6 |    26 ||    32
Throw: Throwing net      |     4 |       |     1 |       ||     5
       Javelin           |       |       |     1 |     4 ||     5
Invok: Potion Petition   |       |       |       |     5 ||     5
       Call Merchant     |       |       |       |     1 ||     1
Evoke: Lightning rod     |       |       |     9 |    24 ||    33
       Wand              |       |       |       |     3 ||     3
  Use: Potion            |       |     1 |       |     4 ||     5
       Scroll            |       |       |       |     7 ||     7
 Stab: Sleeping          |     1 |       |     1 |     3 ||     5
       Held in net/web   |       |       |     1 |       ||     1
       Distracted        |       |       |       |     3 ||     3
Armor: Leather armour    |     1 |     2 |     4 |       ||     7
       Ring mail         |       |       |       |    22 ||    22
Dodge: Dodged            |    11 |    16 |    31 |   151 ||   209

Table legend: (Time is in decaauts)
 A = Elapsed time spent in this place.
 B = Non-inter-level travel time spent in this place.
 C = Inter-level travel time spent in this place.
 D = Time resting spent in this place.
 E = Time spent auto-exploring this place.
 F = Levels seen in this place.
 G = Mean time per level.
                   A        B        C        D        E       F      G
               +--------+--------+--------+--------+--------+-----+--------+
         Total |   4080 |   4012 |     68 |   2754 |     19 |   1 | 4080.0 |
       Dungeon |   4080 |   4012 |     68 |   2754 |     19 |   1 | 4080.0 |
               +--------+--------+--------+--------+--------+-----+--------+

Top non-repeatable levels by time:
       D: 4080 daAuts
